 Dungeon Crawl Stone Soup version 0.20.1-1-g8b1a95d (webtiles) character file.

17 TheGuigne the Magician (level 2, -3/15 HPs)
             Began as a Gargoyle Wizard on Aug 22, 2017.
             Slain by a gnoll
             ... wielding a +0 whip
              (6 damage)
             ... on level 2 of the Dungeon.
             The game lasted 00:02:24 (1009 turns).

TheGuigne the Magician (Gargoyle Wizard)            Turns: 1009, Time: 00:02:24

Health: -3/15      AC:  4    Str: 10    XL:     2   Next: 62%
Magic:  2/6        EV: 12    Int: 18    God:
Gold:   25         SH:  0    Dex:  8    Spells: 4/7 levels left

rFire    . . .     SeeInvis .   j - +2 spear (flame)
rCold    . . .     Gourm    .   (no shield)
rNeg     + . .     Faith    .   a - +0 robe
rPois    ∞         Spirit   .   b - +0 hat
rElec    +         Reflect  .   (no cloak)
rCorr    .         Harm     .   (no gloves)
MR       .....                  (no boots)
Stlth    +.........             (no amulet)
Regen    0.1/turn               l - ring of loudness (curse)
MPRegen  0.1/turn               (no ring)

@: very slightly contaminated
A: negative energy resistance 1, electricity resistance, unbreathing,
petrification resistance, rot immunity, AC +2
a: no special abilities


You were on level 2 of the Dungeon.
You were not hungry.

You visited 1 branch of the dungeon, and saw 2 of its levels.

You collected 25 gold pieces.

Inventory:

Hand Weapons
 j - a +2 spear of flaming (weapon)
Missiles
 g - 6 tomahawks (quivered)
 h - 81 stones
Armour
 a - a +0 robe (worn)
 b - a +0 hat (worn)
Jewellery
 l - a cursed ring of loudness (left hand)
Scrolls
 m - a scroll of enchant weapon {unknown}
 n - a scroll of enchant armour {unknown}
 o - 2 scrolls of amnesia {unknown}
 p - a scroll of remove curse {unknown}
Potions
 e - a potion of agility {unknown}
 f - a potion of curing {unknown}
 i - 2 potions of invisibility {unknown}
 k - a potion of ambrosia {unknown}
Books
 c - a book of Minor Magic

   Spells                             Type                      Level
   a - Magic Dart                     Conjuration                  1
   b - Blink                          Translocation                2
   c - Call Imp                       Summoning                    2
   d - Slow                           Hexes                        2
   e - Conjure Flame                  Conjuration/Fire             3
   f - Mephitic Cloud                 Conjuration/Poison/Air       3
Comestibles
 d - 2 bread rations
 q - 3 chunks of flesh


   Skills:
 - Level 1.5 Dodging
 - Level 2.1 Stealth
 - Level 3.0 Spellcasting
 * Level 2.8 Conjurations
   Level 0.8 Summonings
 - Level 0.8 Translocations


You had 4 spell levels left.
You knew the following spells:

 Your Spells              Type           Power        Failure   Level  Hunger
a - Magic Dart            Conj           ##..         4%          1    None
b - Blink                 Tloc           N/A          17%         2    ##.....


Dungeon Overview and Level Annotations

Branches:
Dungeon (2/15)

Altars:


Innate Abilities, Weirdness & Mutations

You are resistant to torment.
Your stone body is resilient. (AC +2)
You are immune to poison.
You resist negative energy. (rN+)
You are resistant to electric shocks. (rElec)
You can survive without breathing.
You are immune to petrification.
You are immune to rotting.


Message History

The gnoll is lightly wounded.
The gnoll hits you with a whip.
* * * LOW HITPOINT WARNING * * *
Casting: Magic Dart
Confirm with . or Enter, or press ? or * to list all spells.
Aiming: Magic Dart
Press: ? - help, Shift-Dir - straight line, f/p - gnoll
Aim: a gnoll, wielding a whip (lightly wounded)
The magic dart hits the gnoll.
The gnoll is moderately wounded.
The gnoll closely misses you.
Casting: Magic Dart
Confirm with . or Enter, or press ? or * to list all spells.
Aiming: Magic Dart
Press: ? - help, Shift-Dir - straight line, f/p - gnoll
Aim: a gnoll, wielding a whip (moderately wounded)
The magic dart hits the gnoll.
The gnoll is heavily wounded.
The gnoll hits you with a whip.
You die...

.########.##.######
........#...........
#.......###........
# #.......#
#........ #.
#.......# #........
#..# #.......#
######### #....
######'##
#.....#######.#
#.........†g@.#
#......########
..####. ##


You could see a gnoll.

Vanquished Creatures
  A dart slug (D:1)
  A leopard gecko (D:2)
  3 bats
  A giant cockroach (D:1)
  2 hobgoblins (D:2)
  2 goblins (D:1)
  5 rats
15 creatures vanquished.

Notes
Turn   | Place    | Note
-------+----------+-------------------------------------------
     0 | D:1      | TheGuigne the Gargoyle Wizard began the quest for the Orb.
     0 | D:1      | Reached XP level 1. HP: 10/10 MP: 4/4
   279 | D:1      | Reached XP level 2. HP: 15/15 MP: 0/6
   591 | D:1      | Learned a level 2 spell: Blink
  1009 | D:2      | Slain by a gnoll

Skill      XL: |  1 |
---------------+----+-----
Conjurations   | 2 |  2.8
Dodging        | |  1.5
Stealth        | |  2.1
Spellcasting   | |  3.0
Summonings     | |  0.8
Translocations | |  0.8

Action                   || total
-------------------------++-------
Melee: Unarmed           ||     3
       Spear             ||    19
 Cast: Magic Dart        ||    21
 Stab: Sleeping          ||     1
Armor: Robe              ||     9
Dodge: Dodged            ||    10
